AoeStats
← King Rizzy

Four Lakes

509838557Analyzed
1v1 RM · 5d ago on Sep 28, 2026· 62m 14s· 2 players
Game mode
Random Map
Map size
Tiny (2 player)
Population
200
Speed
Normal
Resources
Standard
Victory
Conquest
Starting age
Dark Age
Ending age
Imperial Age
RankedLock teamsTeams togetherTeam positionsShared explorationLock speedFull tech treeHidden civsTurbo modeCheats
Victory
Defeat
🇲🇲 Saracens · Myanmar (Burma)
804
+19
🇬🇷 Byzantines · Greece
861
-19
Wai-Yan-Tun
3:21 Loom
12:23 Feudal Age
12:48 Double-Bit Axe
19:21 Castle Age
22:02 Wheelbarrow
21:13 Town Watch
22:19 Fishing Lines
23:38 Fervor
24:24 Hand Cart
24:10 Town Patrol
24:27 Bow Saw
26:40 Squires
26:26 Arson
26:26 Gambesons
26:35 Fletching
26:45 Padded Archer Armor
26:53 Thumb Ring
26:50 Light Cavalry
27:41 Bloodlines
27:33 Husbandry
27:32 Light Cavalry
32:22 Imperial Age
30:02 Gold Mining
29:55 Horse Collar
33:01 Bimaristan
34:01 Conscription
33:04 Capped Ram
36:07 Forging
35:58 Scale Mail Armor
35:54 Bodkin Arrow
36:14 Leather Archer Armor
37:01 Chemistry
36:22 Ballistics
36:09 Siege Engineers
36:25 Elite Mameluke
40:31 Iron Casting
40:03 Scale Barding Armor
40:28 Ring Archer Armor
39:59 Bracer
42:20 Blast Furnace
41:33 Fortified Wall
41:22 Hussar
50:52 Gold Shaft Mining
57:25 Bimaristan
58:05 Chain Mail Armor
58:11 Chain Barding Armor
58:21 Heavy Plow
King Rizzy
12:22 Feudal Age
13:03 Horse Collar
13:14 Double-Bit Axe
18:24 Castle Age
17:09 Padded Archer Armor
17:59 Loom
20:39 Fishing Lines
21:02 Pikeman
21:42 Squires
22:51 Wheelbarrow
24:38 Heavy Plow
25:02 Bow Saw
25:04 Gambesons
25:06 Arson
26:44 Hand Cart
26:36 Elite Skirmisher
28:01 Gillnets
29:52 Stone Mining
30:05 Fletching
32:50 Imperial Age
30:41 Murder Holes
30:28 Treadmill Crane
31:45 Ballistics
31:49 Bodkin Arrow
31:58 Scale Mail Armor
33:15 Forging
33:22 Leather Archer Armor
33:27 Chain Mail Armor
34:43 Chemistry
34:30 Hoardings
35:58 Chemistry
36:28 Halberdier
38:17 Leather Archer Armor
38:03 Bracer
39:35 Conscription
40:13 Gold Mining
42:12 Crop Rotation
42:47 Two-Man Saw
43:48 Iron Casting
43:46 Plate Mail Armor
51:37 Logistica
53:21 Ring Archer Armor
56:34 Onager
57:52 Scale Barding Armor
58:32 Elite Varangian Guard
61:17 Gold Shaft Mining
Connection lost

Rejoining the realm…

Still unreachable

The connection could not be restored.

Session expired

The server has moved on; the page needs a fresh start.